Map: Bridgehead LE (Void)

Players

Касиус

  • Race: Protoss Protoss

wabbajack - Winner!

  • Race: Zerg Zerg
  • League: Grandmaster

VOD

Have the link to the VOD?

Description

Time

  • Played on: July 14, 2015, 2:07 p.m.
  • Length: 14:06
Show
View Real Time Build Order
Export as new Build Order

Касиус Protoss 

Build Orders:  

Get SALT Encoding   

  12  0:02  Probe  
  13  0:20  Pylon  
  13  0:22  Probe  
  14  0:38  Probe (Chrono Boost)  
  15  0:43  Forge  
  16  0:50  Probe (Chrono Boost)  
  16  0:58  Probe (Chrono Boost)  
  16  1:02  Assimilator  
  17  1:07  Probe (Chrono Boost)  
  17  1:08  Pylon  
  18  1:19  Probe (Chrono Boost)  
  19  1:29  Probe (Chrono Boost)  
  20  1:37  Probe  
  20  1:45  Gateway  
  20  1:48  Gateway  
  20  1:56  Probe (Chrono Boost)  
  21  2:08  Probe (Chrono Boost)  
  23  2:15  Probe (Chrono Boost), Nexus  
  23  2:25  Probe  
  24  2:32  Cybernetics Core  
  24  2:37  Probe  
  24  2:42  Photon Cannon  
  25  2:46  Photon Cannon  
  25  2:49  Probe  
  26  2:53  Pylon  
  26  3:12  Warp Gate (Chrono Boost)  
  22  3:24  Gateway  
  19  3:55  Mothership Core  
  20  4:04  Probe  
  21  4:16  Probe x2, Photon Cannon  
  23  4:29  Photon Cannon  
  23  4:35  Photon Cannon  
  23  4:58  Pylon  
  18  5:07  Probe x2  
  19  5:19  Probe x2  
  21  5:22  Pylon  
  21  5:28  Gateway  
  21  5:31  Probe (Chrono Boost)  
  23  5:37  Probe (Chrono Boost)  
  23  5:41  Probe (Chrono Boost)  
  24  5:44  Gateway  
  24  5:50  Photon Cannon  
  25  5:57  Probe (Chrono Boost)  
  25  5:58  Probe (Chrono Boost)  
  26  6:08  Probe (Chrono Boost)  
  27  6:11  Gateway  
  27  6:12  Gateway  
  27  6:24  Pylon  
  27  6:39  Zealot  
  29  6:45  Probe (Chrono Boost)  
  29  6:46  Probe (Chrono Boost)  
  31  6:54  Gateway  
  32  6:55  Probe x2 (Chrono Boost)  
  32  6:59  Twilight Council  
  33  7:02  Probe (Chrono Boost)  
  33  7:03  Probe (Chrono Boost)  
  33  7:05  Assimilator  
  35  7:12  Assimilator  
  35  7:14  Probe x2 (Chrono Boost)  
  37  7:18  Zealot x2  
  37  7:20  Probe x2 (Chrono Boost)  
  43  7:35  Probe (Chrono Boost)  
  43  7:36  Probe (Chrono Boost)  
  40  7:45  Probe x2 (Chrono Boost)  
  36  7:52  Stalker x2, Probe x2  
  30  8:12  Stalker  
  30  8:13  Stalker  
  29  8:35  Nexus  
  27  9:04  Probe (Chrono Boost)  
  27  9:07  Stalker  
  30  9:17  Probe (Chrono Boost)  
  31  9:23  Stalker  
  34  9:25  Probe (Chrono Boost)  
  34  9:34  Probe (Chrono Boost)  
  35  9:45  Probe (Chrono Boost)  
  36  9:50  Pylon  
  36  9:51  Probe (Chrono Boost)  
  37  9:54  Pylon  
  37  9:56  Protoss Ground Weapons Level 1 (Chrono Boost)  
  37  9:59  Probe  
  38  10:03  Probe  
  39  10:08  Probe  
  39  10:11  Probe  
  40  10:17  Stalker x2  
  40  10:20  Probe  
  46  10:31  Robotics Facility  
  46  10:38  Gateway  
  46  10:50  Stalker  
  46  10:51  Stalker  
  50  11:08  Nexus  
  50  11:11  Probe  
  50  11:12  Probe  
  52  11:23  Probe  
  53  11:29  Protoss Ground Armor Level 1 (Chrono Boost)  
  53  11:32  Probe  
  54  11:36  Probe  
  55  11:41  Stalker x3  
  55  11:44  Probe  
  62  11:48  Observer  
  63  12:00  Robotics Bay  
  63  12:08  Assimilator  
  63  12:10  Probe (Chrono Boost)  
  63  12:15  Probe (Chrono Boost)  
  65  12:16  Stalker  
  65  12:20  Probe (Chrono Boost)  
  69  12:24  Probe (Chrono Boost)  
  69  12:27  Probe  
  70  12:30  Stalker x2  
  70  12:34  Probe  
  75  12:46  Probe  
  80  12:52  Stalker x2  
  80  12:53  Stalker  
  80  12:56  Disruptor (Chrono Boost)  
  86  13:01  Probe (Chrono Boost)  
  86  13:02  Probe x2 (Chrono Boost)  
  86  13:03  Disruptor  
  89  13:11  Probe (Chrono Boost), Pylon  
  90  13:14  Pylon  
  90  13:29  Probe x3  
  87  13:41  Probe x3  
  68  13:58  Stalker  
  68  13:59  Stalker x2  
Show
View Real Time Build Order
Export as new Build Order

wabbajack Zerg - Winner!

Build Orders: Pool First 

Get SALT Encoding   

  12  0:04  Extractor  
  11  0:21  Spawning Pool  
  11  0:24  Drone  
  11  0:30  Drone  
  12  0:45  Overlord  
  12  1:11  Zergling x6  
  15  1:13  Metabolic Boost  
  15  1:25  Zergling x2  
  16  1:31  Queen  
  18  1:48  Drone x2  
  18  1:54  Overlord  
  20  2:05  Drone  
  21  2:15  Drone  
  22  2:26  Hatchery  
  21  2:30  Drone  
  22  2:53  Hatchery  
  18  3:27  Queen  
  18  3:29  Zergling x16  
  28  3:58  Drone x3  
  28  3:59  Drone  
  28  4:01  Queen  
  34  4:03  Drone x2  
  34  4:06  Overlord  
  36  4:30  Roach Warren  
  35  4:32  Drone x3, Extractor  
  35  4:34  Drone x2  
  30  5:19  Roach  
  30  5:20  Roach x6  
  44  5:22  Queen  
  44  5:24  Overlord x2  
  46  5:41  Drone x2  
  46  5:42  Drone x2  
  50  5:43  Drone x2  
  50  5:44  Drone  
  50  5:46  Drone  
  50  5:47  Drone  
  55  5:55  Overlord  
  55  6:08  Extractor  
  55  6:09  Drone x3  
  55  6:11  Drone x3  
  59  6:13  Overlord x2  
  60  6:21  Lair  
  60  6:32  Overlord  
  60  6:38  Drone  
  60  6:39  Drone  
  63  6:40  Drone x7  
  63  6:41  Drone  
  70  6:51  Evolution Chamber  
  70  6:52  Evolution Chamber  
  68  6:56  Zergling x2  
  68  6:57  Zergling x10  
  74  7:17  Zerg Ground Armor Level 1  
  74  7:18  Zerg Melee Weapons Level 1  
  74  7:22  Infestation Pit  
  74  7:26  Zergling x22  
  58  8:45  Overlord x4  
  54  9:00  Hatchery  
  54  9:02  Extractor  
  52  9:04  Hatchery, Spire  
  52  9:05  Hive  
  49  9:13  Hatchery  
  48  9:17  Hatchery  
  48  9:21  Zerg Melee Weapons Level 2  
  48  9:22  Zerg Ground Armor Level 2  
  47  9:27  Drone x4, Extractor  
  50  9:33  Drone x2  
  50  9:34  Drone x7  
  50  9:35  Drone  
  60  9:39  Drone  
  60  9:40  Drone x3, Extractor  
  60  9:41  Drone x2  
  60  9:42  Drone  
  66  9:46  Drone x3  
  69  10:04  Roach  
  69  10:05  Roach x15  
  101  10:17  Greater Spire  
  101  10:21  Adrenal Glands  
  101  10:22  Ultralisk Cavern  
  100  10:30  Drone x2  
  100  10:31  Drone  
  100  10:35  Drone x2  
  105  10:37  Drone  
  105  10:40  Queen  
  105  10:41  Queen  
  105  10:42  Queen  
  110  10:43  Queen  
  114  10:54  Corruptor x5  
  114  10:55  Corruptor  
  114  10:56  Overlord  
  114  10:57  Overlord  
  126  11:11  Chitinous Plating  
  126  11:18  Extractor  
  125  11:19  Extractor x2  
  125  11:21  Extractor  
  125  11:23  Drone, Extractor  
  122  11:27  Drone  
  122  11:30  Drone x4, Extractor  
  122  11:31  Drone x2  
  128  11:35  Drone x2  
  128  11:36  Drone  
  128  11:37  Drone x2  
  128  11:38  Drone  
  134  11:43  Drone x3  
  134  11:45  Drone x3, Extractor  
  139  11:49  Drone x3  
  139  11:51  Drone x3, Extractor  
  139  11:54  Overlord x4  
  144  12:09  Zerg Flyer Weapons Level 1  
  144  12:16  Zergling x4  
  144  12:17  Zergling x20  
  156  12:26  Spore Crawler  
  156  12:29  Spine Crawler  
  154  12:30  Drone, Spine Crawler  
  154  12:31  Drone x3  
  157  12:50  Brood Lord x5  
  167  12:54  Brood Lord  
  167  12:55  Overlord  
  169  13:14  Corruptor x3  
  169  13:15  Corruptor  
  177  13:30  Zergling x2  
  177  13:31  Zergling x28  
Tags
 
Add a new tag
Caveats
  • Supply blocks, unpowered buildings, or Contaminate may cause inaccurate times.
  • Supply counts are checked every 10 seconds.